 Dungeon Crawl Stone Soup version 0.31.0-9-g3a7656b989 (webtiles) character file.

Game seed: 13866277314706359965

41 qw the Shooter (level 3, 0/18 HPs)
             Began as a Spriggan Hunter on Feb 2, 2024.
             Succumbed to an orc wizard's poison
             ... on level 2 of the Dungeon.
             The game lasted 00:00:02 (506 turns).

qw the Shooter (Spriggan Hunter)                     Turns: 506, Time: 00:00:02

Health: 0/18       AC:  2    Str:  7    XL:     3   Next: 32%
Magic:  4/4        EV: 19    Int: 10    God:
Gold:   34         SH:  0    Dex: 20    Spells: 2/2 levels left

rFire   . . .        a - +1 shortbow
rCold   . . .        (shield currently unavailable)
rNeg    . . .        c - +0 robe
rPois   .            (helmet restricted)
rElec   .            (no cloak)
rCorr   .            (gloves unavailable)
SInv    +            (boots unavailable)
Will    .....        (no amulet)
Stlth   +            (no ring)
HPRegen 0.23/turn    (no ring)
MPRegen 0.09/turn

%: no passive effects
@: confused, lethally poisoned (0 -> -12), very quick
A: very small, no large weapons, unfitting armour, see invisible, speed 3
a: no special abilities


You were on level 2 of the Dungeon.
You visited 1 branch of the dungeon, and saw 2 of its levels.

You collected 34 gold pieces.


Innate Abilities, Weirdness & Mutations

You are very small and have problems with some larger weapons.
You are too small for most types of armour.
You have supernaturally acute eyesight. (SInv)
You cover ground extremely quickly. (Speed+++)


   Skills:
 - Level 1.5 Fighting
 + Level 4.6 Ranged Weapons
 - Level 4.0 Dodging
 - Level 1.5 Stealth


You had 2 spell levels left.
You didn't know any spells.
Your spell library was empty.

Inventory:

Hand Weapons
 a - a +1 shortbow (weapon)
Armour
 c - a +0 robe (worn)
Jewellery
 b - an amulet of regeneration
 g - a +6 ring of dexterity
Potions
 f - a potion of might {unknown}

Dungeon Overview and Level Annotations

Branches:
Dungeon (2/15)

Altars:


Message History

You are confused.
497 ||| DRINKING potion of curing.
You feel better.
497 ||| (to cure confusion)
You shoot an arrow. The arrow hits the orc.
You kill the orc!
The orc completely misses you.
You shoot an arrow. The arrow hits the orc wizard.
The orc wizard is moderately wounded.
The orc wizard misses you.
You shoot an arrow.
The arrow closely misses the orc wizard.
The arrow closely misses the orc.
The orc wizard hits you with a +2 dagger of venom.
You are poisoned.
The orc closely misses you.
You shoot an arrow. The arrow hits the orc wizard.
The orc wizard is heavily wounded.
You feel very sick. The orc completely misses you.
The orc wizard hits you with a +2 dagger of venom.
You are more poisoned.
You shoot an arrow. The arrow barely misses the orc wizard.
You feel very sick. The orc wizard casts a spell at you.
You are confused.
The orc completely misses you. The orc closely misses you. The orc misses you.
The orc wizard hits you with a +2 dagger of venom.
You are more poisoned.
503 ||| DRINKING potion of heal wounds.
You feel much better.
You feel very sick. The orc completely misses you.
The orc wizard casts a spell at you. The puff of flame misses you.
The orc barely misses you.
You feel very sick. The orc closely misses you.
The orc wizard closely misses you. The orc completely misses you.
You feel very sick. The orc hits you with a +0 dagger.
The orc wizard hits you with a +2 dagger of venom.
You die...

...# #..# #..# #).#
#. #.[# # #. #..# #.
#. #oo# #.### ###.
####@o######.#.. ....
#.............>######
#.###................
#.# ######.###.######
#.# #.##)%..[..# #.#
#....#####.. #.#
#####.# #.# #.#
#.....# #.. #.#
#.###.# #..


You could see an orc wizard and 2 orcs.

Vanquished Creatures
  2 adders (D:2)
  2 orcs (D:2)
  2 ball pythons (D:1)
  2 endoplasms
  2 giant cockroaches
  A goblin (D:1)
  2 hobgoblins (D:2)
  3 kobolds
  2 bats
  A rat (D:1)
19 creatures vanquished.

Notes
Turn   | Place    | Note
-------+----------+-------------------------------------------
     0 | D:1      | qw the Spriggan Hunter began the quest for the Orb.
     0 | D:1      | Reached XP level 1. HP: 10/10 MP: 2/2
     0 | D:1      | 0 ||| qw: Version: 0.3-a-155-g5e7d8dd
     0 | D:1      | 0 ||| qw: Game counter: 1104
     0 | D:1      | 0 ||| qw: Melee chars always use a shield: true
     0 | D:1      | 0 ||| qw: God list: Okawaru
     0 | D:1      | 0 ||| qw: Allow faded altars: false
     0 | D:1      | 0 ||| qw: Do Orc after clearing Dungeon:15 true
     0 | D:1      | 0 ||| qw: Do second Lair branch before Depths: true
     0 | D:1      | 0 ||| qw: Lair rune preference: random
     0 | D:1      | 0 ||| qw: Goals: Normal
     0 | D:1      | 0 ||| PLANNING D:1-11
    32 | D:1      | Reached skill level 3 in Dodging
   180 | D:1      | Reached XP level 2. HP: 14/14 MP: 3/3
   336 | D:1      | 336 ||| READING scroll labelled XOGEWK JUWOH.
   336 | D:1      | 336 ||| ENCHANTING +0 shortbow.
   337 | D:1      | 337 ||| READING scroll labelled POYT CUEMITI.
   337 | D:1      | 337 ||| IDENTIFYING coppery potion
   338 | D:1      | 338 ||| DRINKING 2 yellow potions.
   339 | D:1      | 339 ||| DROPPING scroll of butterflies.
   354 | D:2      | 354 ||| STAIRDANCE
   439 | D:2      | Reached XP level 3. HP: 14/18 MP: 4/4
   486 | D:2      | Found the +1 cloak of Starlight {*Dazzle EV+4 Stlth--}
   492 | D:2      | 492 ||| RETREEEEATING.
   497 | D:2      | 497 ||| DRINKING potion of curing.
   497 | D:2      | 497 ||| (to cure confusion)
   502 | D:2      | HP: 4/18 [poisoned by an orc wizard]
   503 | D:2      | 503 ||| DRINKING potion of heal wounds.
   506 | D:2      | Succumbed to an orc wizard's poison

Levels and vault maps discovered:
D:1:      dpeg_arrival_refuge, layout_rooms, nrook_mini_backslash
D:2:      layout_loops_ring

Skill      XL: |  1  2 |
---------------+-------+-----
Dodging        | 3 4 |  4.0
Fighting       | |  1.5
Ranged Weapons | |  4.6
Stealth        | |  1.5

Action                     || total
---------------------------++-------
   Fire: Shortbow          ||    54
    Use: Scroll            ||     2
         Potion            ||     3
 Armour: Robe              ||    11
  Dodge: Dodged            ||    28

Table legend:
 A = Non-vault XP
 B = Vault XP
 C = Vault XP percentage of total XP
 D = Non-vault monster count
 E = Vault monster count
 F = Vault count percentage of total count
                 A         B        C        D         E       F
            +---------+---------+-------+---------+---------+-------
      Total |      59 |       0 |   0.0 |      19 |       0 |   0.0
            +---------+---------+-------+---------+---------+-------
        D:1 |      16 |       0 |   0.0 |       9 |       0 |   0.0
        D:2 |      43 |       0 |   0.0 |      10 |       0 |   0.0
            +---------+---------+-------+---------+---------+-------
